TOP OF THE 1ST |
Ft. Worth Cattlemen batting - Pitching for Colorado Billy Goats : RHP Knud Herrewijn
|
Pitching: RHP Knud Herrewijn
|
|
Batting: LHB Tippi Degré
|
0-0: Ball 1-0: SINGLE (Groundball, 34D, EV 104.4 MPH)
|
Batting: RHB Tae-cho Han
|
0-0: Called Strike 0-1: Grounds into double play, 1-6-3 (Groundball, 34S, EV 74.4 MPH)
|
Batting: SHB Kolby Hay
|
0-0: Ball 1-0: Called Strike 1-1: Ball 2-1: Foul Ball, location: 2F 2-2: TRIPLE (Flyball, 89XD, EV 107.5 MPH)
|
Batting: LHB Semo Hoaloha
|
0-0: Swinging Strike 0-1: Ball 1-1: Foul Ball, location: 2F 1-2: Foul Ball, location: 2F 1-2: Ground out 4-3 (Groundball, 4, EV 78.8 MPH)
|
Top of the 1st over - 0 runs, 2 hits, 0 errors, 1 left on base; Ft. Worth 0 - Colorado 0 |
BOTTOM OF THE 1ST |
Colorado Billy Goats batting - Pitching for Ft. Worth Cattlemen : RHP Kabeya Kasongo
|
Pitching: RHP Kabeya Kasongo
|
|
Batting: LHB David de Meij
|
0-0: Ball 1-0: Foul Ball, location: 2F 1-1: SINGLE (Line Drive, 8RS, EV 105.0 MPH)
|
Batting: LHB Ricardo Yates
|
0-0: Ball David de Meij steals 2nd, throwing error, E2 David de Meij to third 1-0: Swinging Strike 1-1: Ground out 1-3 (Groundball, 34S, EV 72.5 MPH)
|
Batting: LHB Tim Gonzáles
|
0-0: Ball 1-0: Called Strike 1-1: Ball 2-1: Fly out, F7 (Flyball, 7, EV 86.2 MPH) Runner from 3rd tags up, SCORES, throw by LF
|
Batting: LHB Robby Sinor
|
0-0: Ground out 4-3 (Groundball, 4, EV 85.0 MPH)
|
Bottom of the 1st over - 1 run, 1 hit, 1 error, 0 left on base; Ft. Worth 0 - Colorado 1 |
TOP OF THE 2ND |
Ft. Worth Cattlemen batting - Pitching for Colorado Billy Goats : RHP Knud Herrewijn
|
Batting: RHB Dennis Wacher
|
0-0: Foul Ball, location: 2F 0-1: Foul Ball, location: 2F 0-2: SINGLE (Groundball, 6D, EV 108.1 MPH)
|
Batting: LHB Jorge Alejándrez
|
0-0: Ball 1-0: Foul Ball, location: 2F 1-1: Foul Ball, location: 2F 1-2: Strikes out swinging
|
Batting: RHB Jurgen Flurgenburgen
|
0-0: Ball 1-0: Called Strike 1-1: Grounds into double play, 6-4-3 (Groundball, 6, EV 86.9 MPH)
|
Top of the 2nd over - 0 runs, 1 hit, 0 errors, 0 left on base; Ft. Worth 0 - Colorado 1 |
BOTTOM OF THE 2ND |
Colorado Billy Goats batting - Pitching for Ft. Worth Cattlemen : RHP Kabeya Kasongo
|
Batting: LHB Ken Norris
|
0-0: Ball 1-0: Ball 2-0: DOUBLE (Flyball, 8RXD, EV 100.6 MPH)
|
Batting: RHB Paul Byrd
|
0-0: Foul Ball, location: 2F 0-1: Foul Ball, location: 2F 0-2: Fly out, F8 (Flyball, 8LM, EV 93.1 MPH)
|
Batting: LHB António Casas
|
0-0: Swinging Strike 0-1: Foul Ball, location: 2F 0-2: Strikes out swinging
|
Batting: SHB Raoul de Gilde
|
0-0: Ground out U3 (Groundball, 3, EV 103.8 MPH)
|
Bottom of the 2nd over - 0 runs, 1 hit, 0 errors, 1 left on base; Ft. Worth 0 - Colorado 1 |
TOP OF THE 3RD |
Ft. Worth Cattlemen batting - Pitching for Colorado Billy Goats : RHP Knud Herrewijn
|
Batting: RHB Lonnie Doble
|
0-0: Ball 1-0: Ground out 1-3 (Groundball, 13S, EV 68.8 MPH)
|
Batting: RHB Omer Yurtseven
|
0-0: Foul Ball, location: 2F 0-1: Called Strike 0-2: Foul Ball, location: 2F 0-2: Ball 1-2: Fly out, F8 (Line Drive, 8RD, EV 91.9 MPH)
|
Batting: LHB Tippi Degré
|
0-0: Called Strike 0-1: Ball 1-1: Ball 2-1: Foul Ball, location: 2F 2-2: Ball 3-2: Foul Ball, location: 2F 3-2: Foul Ball, location: 2F 3-2: Ground out 4-3 (Groundball, 34, EV 106.2 MPH)
|
Top of the 3rd over - 0 runs, 0 hits, 0 errors, 0 left on base; Ft. Worth 0 - Colorado 1 |
BOTTOM OF THE 3RD |
Colorado Billy Goats batting - Pitching for Ft. Worth Cattlemen : RHP Kabeya Kasongo
|
Batting: LHB Ruhinda Kirkconnell
|
0-0: Ball 1-0: Ball 2-0: Ball 3-0: Called Strike 3-1: Base on Balls
|
Batting: LHB David de Meij
|
0-0: Ball 1-0: Called Strike 1-1: SINGLE (Groundball, 34D, EV 97.5 MPH) Ruhinda Kirkconnell to second Runner from 2nd tries for 3rd, OUT! 9-5
|
Batting: LHB Ricardo Yates
|
0-0: Called Strike 0-1: Foul Ball, location: 2F 0-2: Foul Ball, location: 2F 0-2: Strikes out swinging
|
Batting: LHB Tim Gonzáles
|
0-0: Ball 1-0: Ball 2-0: Called Strike 2-1: Called Strike 2-2: Ground out 2-3 (Groundball, 15S, EV 73.1 MPH)
|
Bottom of the 3rd over - 0 runs, 1 hit, 0 errors, 1 left on base; Ft. Worth 0 - Colorado 1 |
TOP OF THE 4TH |
Ft. Worth Cattlemen batting - Pitching for Colorado Billy Goats : RHP Knud Herrewijn
|
Batting: RHB Tae-cho Han
|
0-0: Ground out 5-3 (Groundball, 56S, EV 62.5 MPH)
|
Batting: SHB Kolby Hay
|
0-0: Swinging Strike 0-1: Ball 1-1: Ball 2-1: Ball 3-1: DOUBLE (Line Drive, 78M, EV 106.2 MPH)
|
Batting: LHB Semo Hoaloha
|
0-0: Called Strike 0-1: Foul Ball, location: 2F 0-2: Ball 1-2: Ball 2-2: Foul Ball, location: 2F 2-2: SINGLE (Groundball, 4D, EV 97.5 MPH) Kolby Hay to third Runner from 3rd tries for Home, throw by CF and OUT! 8-2 Semo Hoaloha to second
|
Batting: RHB Dennis Wacher
|
0-0: Swinging Strike 0-1: Ball 1-1: Ball 2-1: Swinging Strike 2-2: Ball 3-2: Strikes out swinging
|
Top of the 4th over - 0 runs, 2 hits, 0 errors, 1 left on base; Ft. Worth 0 - Colorado 1 |
BOTTOM OF THE 4TH |
Colorado Billy Goats batting - Pitching for Ft. Worth Cattlemen : RHP Kabeya Kasongo
|
Batting: LHB Robby Sinor
|
0-0: Ball 1-0: Ball 2-0: Fly out, F8 (Flyball, 8LM, EV 97.5 MPH)
|
Batting: LHB Ken Norris
|
0-0: Ball 1-0: Called Strike 1-1: Fly out, F8 (Flyball, 8RD, EV 86.9 MPH)
|
Batting: RHB Paul Byrd
|
0-0: Ball 1-0: Called Strike 1-1: Fly out, F9 (Flyball, 89M, EV 88.8 MPH)
|
Bottom of the 4th over - 0 runs, 0 hits, 0 errors, 0 left on base; Ft. Worth 0 - Colorado 1 |
TOP OF THE 5TH |
Ft. Worth Cattlemen batting - Pitching for Colorado Billy Goats : RHP Knud Herrewijn
|
Batting: LHB Jorge Alejándrez
|
0-0: Ball 1-0: Called Strike 1-1: SINGLE (Flyball, 8LS, EV 85.0 MPH)
|
Batting: RHB Jurgen Flurgenburgen
|
0-0: Bunt missed! 0-1: Bunted foul 0-2: Ball 1-2: Fielders Choice at 2nd, 4-6 (Groundball, 34, EV 83.8 MPH)
|
Batting: RHB Lonnie Doble
|
0-0: Ball 1-0: Called Strike 1-1: Called Strike 1-2: Strikes out swinging
|
Batting: RHB Omer Yurtseven
|
0-0: Ball 1-0: Ball Jurgen Flurgenburgen steals 2nd base 2-0: Reached on error, E5 (Groundball, 56S, EV 70.6 MPH) Jurgen Flurgenburgen to third
|
Batting: LHB Tippi Degré
|
0-0: Foul Ball, location: 2F 0-1: Ball 1-1: SINGLE (Groundball, 6MD, EV 93.8 MPH) Jurgen Flurgenburgen scores Omer Yurtseven to second
|
Batting: RHB Tae-cho Han
|
0-0: Fly out, F9 (Line Drive, 9, EV 89.4 MPH)
|
Top of the 5th over - 1 run, 2 hits, 1 error, 2 left on base; Ft. Worth 1 - Colorado 1 |
BOTTOM OF THE 5TH |
Colorado Billy Goats batting - Pitching for Ft. Worth Cattlemen : RHP Kabeya Kasongo
|
Batting: LHB António Casas
|
0-0: Ground out U3 (Groundball, 3, EV 109.4 MPH)
|
Batting: SHB Raoul de Gilde
|
0-0: Ball 1-0: Ball 2-0: Called Strike 2-1: Ground out 6-3 (Groundball, 56, EV 102.5 MPH)
|
Batting: LHB Ruhinda Kirkconnell
|
0-0: Ball 1-0: Swinging Strike 1-1: Swinging Strike 1-2: Reached on error, E4 (Groundball, 34, EV 106.2 MPH)
|
Batting: LHB David de Meij
|
0-0: Called Strike 0-1: Ball 1-1: Foul Ball, location: 2F 1-2: Fielders Choice at 2nd, 5-4 (Groundball, 56, EV 98.8 MPH)
|
Bottom of the 5th over - 0 runs, 0 hits, 1 error, 1 left on base; Ft. Worth 1 - Colorado 1 |
TOP OF THE 6TH |
Ft. Worth Cattlemen batting - Pitching for Colorado Billy Goats : RHP Knud Herrewijn
|
Batting: SHB Kolby Hay
|
0-0: Ground out U3 (Groundball, 34, EV 81.9 MPH)
|
Batting: LHB Semo Hoaloha
|
0-0: Swinging Strike 0-1: Ground out 5-3 (Groundball, 56S, EV 85.6 MPH)
|
Batting: RHB Dennis Wacher
|
0-0: Foul Ball, location: 2F 0-1: Swinging Strike 0-2: Ball 1-2: Foul Ball, location: 2F 1-2: Ball 2-2: Ball 3-2: Reached on error, E6 (Groundball, 6, EV 90.0 MPH)
|
Batting: LHB Jorge Alejándrez
|
0-0: Ball 1-0: Foul Ball, location: 2F 1-1: Swinging Strike 1-2: Ball 2-2: Ball 3-2: Base on Balls
|
Batting: RHB Jurgen Flurgenburgen
|
0-0: Ball 1-0: Ball 2-0: Fly out, F9 (Flyball, 89D, EV 88.8 MPH)
|
Top of the 6th over - 0 runs, 0 hits, 1 error, 2 left on base; Ft. Worth 1 - Colorado 1 |
BOTTOM OF THE 6TH |
Colorado Billy Goats batting - Pitching for Ft. Worth Cattlemen : RHP Kabeya Kasongo
|
Batting: LHB Ricardo Yates
|
0-0: Ball 1-0: Called Strike 1-1: Ball 2-1: Ball 3-1: Foul Ball, location: 2F 3-2: Foul Ball, location: 2F 3-2: Strikes out looking
|
Batting: LHB Tim Gonzáles
|
0-0: Foul Ball, location: 2F 0-1: Ball 1-1: Called Strike 1-2: Ball 2-2: Fly out, F7 (Flyball, 7D, EV 91.9 MPH)
|
Batting: LHB Robby Sinor
|
0-0: Ball 1-0: Ball 2-0: Foul Ball, location: 2F 2-1: Ball 3-1: Base on Balls
|
Pitching: RHP Dragutin Petrovic
|
|
Batting: LHB Ken Norris
|
0-0: Ball Robby Sinor is caught stealing 2nd base 2-6
|
Bottom of the 6th over - 0 runs, 0 hits, 0 errors, 0 left on base; Ft. Worth 1 - Colorado 1 |
TOP OF THE 7TH |
Ft. Worth Cattlemen batting - Pitching for Colorado Billy Goats : RHP Knud Herrewijn
|
Batting: RHB Lonnie Doble
|
0-0: Ground out 6-3 (Groundball, 6, EV 87.5 MPH)
|
Batting: RHB Omer Yurtseven
|
0-0: Foul Ball, location: 2F 0-1: Called Strike 0-2: Ball 1-2: Strikes out swinging
|
Batting: LHB Tippi Degré
|
0-0: DOUBLE (Flyball, 78XD, EV 108.8 MPH)
|
Pitching: LHP Mamadou Boutin
|
|
Batting: RHB Tae-cho Han
|
0-0: Called Strike 0-1: Ball 1-1: Swinging Strike 1-2: Strikes out swinging
|
Top of the 7th over - 0 runs, 1 hit, 0 errors, 1 left on base; Ft. Worth 1 - Colorado 1 |
BOTTOM OF THE 7TH |
Colorado Billy Goats batting - Pitching for Ft. Worth Cattlemen : RHP Dragutin Petrovic
|
Batting: LHB Ken Norris
|
0-0: Called Strike 0-1: Swinging Strike 0-2: Ball 1-2: Ball 2-2: Ball 3-2: Foul Ball, location: 2F 3-2: Foul Ball, location: 2F 3-2: Base on Balls
|
Batting: RHB Paul Byrd
|
0-0: Swinging Strike 0-1: Bunted foul 0-2: Ball 1-2: Grounds into double play, 6-4-3 (Groundball, 6S, EV 82.5 MPH)
|
Batting: LHB António Casas
|
0-0: Called Strike 0-1: Ball 1-1: Ball 2-1: Swinging Strike 2-2: Ground out U3 (Groundball, 3, EV 79.4 MPH)
|
Bottom of the 7th over - 0 runs, 0 hits, 0 errors, 0 left on base; Ft. Worth 1 - Colorado 1 |
TOP OF THE 8TH |
Ft. Worth Cattlemen batting - Pitching for Colorado Billy Goats : LHP Mamadou Boutin
|
Batting: SHB Kolby Hay
|
0-0: Called Strike 0-1: Ground out 6-3 (Groundball, 6, EV 83.8 MPH)
|
Batting: LHB Semo Hoaloha
|
0-0: Ball 1-0: Called Strike 1-1: Ball 2-1: Foul Ball, location: 2F 2-2: Ground out 6-3 (Groundball, 6, EV 85.0 MPH)
|
Batting: RHB Dennis Wacher
|
0-0: Ground out 6-3 (Groundball, 6S, EV 85.0 MPH)
|
Top of the 8th over - 0 runs, 0 hits, 0 errors, 0 left on base; Ft. Worth 1 - Colorado 1 |
BOTTOM OF THE 8TH |
Colorado Billy Goats batting - Pitching for Ft. Worth Cattlemen : RHP Dragutin Petrovic
|
Batting: SHB Raoul de Gilde
|
0-0: Ground out U3 (Groundball, 3, EV 105.6 MPH)
|
Batting: LHB Ruhinda Kirkconnell
|
0-0: DOUBLE (Groundball, 5L, EV 104.4 MPH)
|
Batting: LHB David de Meij
|
0-0: Called Strike Ruhinda Kirkconnell steals 3rd base 0-1: Ball 1-1: SINGLE (Groundball, 34D, EV 111.2 MPH) Ruhinda Kirkconnell scores
|
Batting: LHB Ricardo Yates
|
0-0: SINGLE (Line Drive, 6MD, EV 98.1 MPH) David de Meij to second Runner from 2nd tries for 3rd, SAFE, throw by CF made to third
|
Pitching: RHP Blair Wright
|
|
Batting: LHB Tim Gonzáles
|
0-0: Ball Ricardo Yates steals 2nd, throwing error, E2 David de Meij scores Ricardo Yates to third 1-0: Fly out, F7 (Flyball, 7LS, EV 88.8 MPH)
|
Batting: LHB Robby Sinor
|
0-0: Called Strike 0-1: Ball 1-1: Called Strike 1-2: Ball 2-2: Ball 3-2: Strikes out looking
|
Bottom of the 8th over - 2 runs, 3 hits, 1 error, 1 left on base; Ft. Worth 1 - Colorado 3 |
TOP OF THE 9TH |
Ft. Worth Cattlemen batting - Pitching for Colorado Billy Goats : LHP Mamadou Boutin
|
Pitching: RHP Magnus Belli
|
|
Batting: LHB Jorge Alejándrez
|
0-0: Ground out 6-3 (Groundball, 6M, EV 102.5 MPH)
|
Batting: RHB Jurgen Flurgenburgen
|
0-0: Called Strike 0-1: Foul Ball, location: 2F 0-2: Strikes out swinging
|
Batting: RHB Lonnie Doble
|
0-0: Called Strike 0-1: SINGLE (Groundball, 6MD, EV 96.2 MPH)
|
Batting: RHB Omer Yurtseven
|
0-0: Ball 1-0: Fielders Choice at 2nd, U6 (Groundball, 6M, EV 84.4 MPH)
|
Top of the 9th over - 0 runs, 1 hit, 0 errors, 1 left on base; Ft. Worth 1 - Colorado 3 |
|